 Dungeon Crawl Stone Soup version 0.29-a0-284-gf9362112df (webtiles) character file.

Game seed: 9088776251494832987

3197 DunceCap the Grappler (level 9, -4/93 HPs)
             Began as a Troll Fighter on Mar 19, 2022.
             Was a Believer of Okawaru.
             Slain by a sun demon (23 damage)
             ... summoned by a kobold demonologist
             ... in a bailey.
             The game lasted 00:30:23 (6633 turns).

DunceCap the Grappler (Troll Fighter)               Turns: 6633, Time: 00:30:23

Health: -4/93      AC:  5    Str: 36    XL:     9   Next: 64%
Magic:  8/8        EV: 13    Int:  4    God:    Okawaru [**....]
Gold:   254        SH:  8    Dex:  9    Spells: 8/8 levels left

rFire   . . .      SeeInvis .     - Unarmed
rCold   . . .      Faith    .   b - +0 kite shield
rNeg    . . .      Spirit   .   G - +0 robe
rPois   .          Reflect  .   (helmet restricted)
rElec   .          Harm     .   h - +0 cloak
rCorr   .          Rampage  .   (gloves unavailable)
Will    .....                   (boots unavailable)
Stlth   +.........              (no amulet)
HPRegen 1.05/turn               x - +4 ring of evasion
MPRegen 0.11/turn               r - +6 ring of strength

@: no status effects
A: large, unfitting armour, claws 3, regeneration 1, shaggy fur 1, tough skin 1
a: Renounce Religion, Heroism


You were in a bailey.
You worshipped Okawaru.
Okawaru was pleased with you.
You visited 2 branches of the dungeon, and saw 9 of its levels.
You also visited: Sewer and Bailey.

You collected 366 gold pieces.
You spent 112 gold pieces at shops.

Inventory:

Missiles
 y - a boomerang (quivered)
 B - 3 poisoned darts
Armour
 b - a +0 kite shield (worn)
 h - a +0 cloak (worn)
 G - a +0 robe (worn)
Jewellery
 p - a ring of protection from cold
 r - a +6 ring of strength (right claw)
 x - a +4 ring of evasion (left claw)
Wands
 v - a wand of flame (33)
Scrolls
 d - a scroll of enchant armour
Potions
 c - 2 potions of might
 g - 5 potions of mutation
 i - 3 potions of ambrosia
 k - 6 potions of curing
 l - 2 potions of lignification
 m - 2 potions of haste
 o - 2 potions of resistance
 q - 2 potions of invisibility
 s - 3 potions of attraction
 z - a potion of heal wounds


   Skills:
 * Level 7.1 Fighting
 + Level 5.1 Dodging
 + Level 5.1 Shields
 * Level 8.1 Unarmed Combat


You had 8 spell levels left.
You didn't know any spells.
Your spell library contained the following spells:

 Spells                   Type           Power      Damage    Failure   Level
 Sandblast                Erth           0%         2d4       77%         1
 Slow                     Hex            0%         N/A       77%         1
 Ensorcelled Hibernation  Hex/Ice        0%         N/A       88%         2
 Passwall                 Tmut/Erth      0%         N/A       88%         2
 Sublimation of Blood     Necr           0%         N/A       88%         2
 Wereblood                Tmut           0%         N/A       88%         2
 Confusing Touch          Hex            0%         N/A       98%         3
 Stone Arrow              Conj/Erth      0%         3d7       98%         3
 Swiftness                Air            0%         N/A       98%         3
 Vampiric Draining        Necr           0%         2d6       98%         3
 Borgnjor's Vile Clutch   Necr/Erth      0%         N/A       100%        5
 Animate Dead             Necr           Unusable   N/A       N/A         4
 Death Channel            Necr           Unusable   N/A       N/A         6
 Summon Hydra             Summ           Unusable   N/A       N/A         7

Dungeon Overview and Level Annotations

Branches:
Dungeon (8/15)             Temple (1/1) D:6           Sewer (visited)
 Bailey (1/1)
   Lair: D:8-11

Altars:
Ashenzari
Cheibriados
Dithmenos
Elyvilon
Fedhas
Gozag
Hepliaklqana
Kikubaaqudgha
Makhleb
Nemelex Xobeh
Okawaru
Qazlal
Ru
Trog
Uskayaw
Vehumet
Wu Jian
Xom
Yredelemnul
Zin
The Shining One

Shops:
D:1 ?   D:6 ?


Innate Abilities, Weirdness & Mutations

You are too large for most types of armour.
You have claws for hands.
Your natural rate of healing is unusually fast.
You are covered in fur. (AC +1)
You have tough skin. (AC +1)


Message History

There is an open door, spattered with blood here.
Items here: ))))) [[[[[ ††††.
Items here: )) [[.
There is an open door, spattered with blood here.
Items here: ))))) [[[[[ ††††.
You start resting.
HP restored.
You open the door.
There is an open door here.
Found a gate leading back out of this place.
A kobold demonologist comes into view. It is wielding a +0 war axe.
The kobold demonologist shouts!
You hear a shout!
Aiming: Paralyse
Press: ? - help, Q - select action, (/) - cycle Shift-Dir - straight line, f - kobold demonologist
Aim: a kobold demonologist, wielding a +0 war axe and wearing a +0 scale mail (chance to affect: 31%)
The kobold demonologist easily resists.
Aiming: Paralyse
Press: ? - help, Q - select action, (/) - cycle Shift-Dir - straight line, f/p - kobold demonologist
Aim: a kobold demonologist, wielding a +0 war axe and wearing a +0 scale mail (chance to affect: 31%)
The kobold demonologist easily resists.
The now-empty wand crumbles to dust.
The kobold demonologist mumbles some strange words.
Found a rapier and a trident.
Found a shortbow and a runed long sword.
The kobold demonologist casts a spell.
The sun demon hits you!
You are engulfed in flames!
You barely miss the kobold demonologist.
You block the sun demon's attack.
The kobold demonologist hits you with a +0 war axe.
The quasit misses you.
The quasit claws you but does no damage.
The quasit closely misses you.
You mangle the kobold demonologist!!
The kobold demonologist is heavily wounded.
The sun demon hits you!!
You are engulfed in flames!
* * * LOW HITPOINT WARNING * * *
The kobold demonologist hits you with a +0 war axe.
* * * LOW HITPOINT WARNING * * *
The quasit splashes around in the water. x2
The quasit completely misses you. The sun demon hits you!!
You die...

#..# #..# #..#
#..# #..# #..#
#..# #..#
#+#'##+### ##+#
#....#)).#
#....#)).#
###..######.###
+....@K5.∩...
####355≈≈≈≈≈≈
≈≈≈≈≈≈≈≈≈≈≈
≈≈≈≈≈≈≈≈≈≈≈≈≈
≈≈≈≈≈≈≈≈≈≈≈≈≈≈≈
≈≈≈≈≈≈≈≈≈≈≈≈≈≈≈
≈≈≈≈≈≈≈≈≈≈≈≈≈≈≈
###############


You could see a sun demon (summoned), a kobold demonologist, an iron imp
(summoned), a quasit (summoned) and a crimson imp (summoned).

Vanquished Creatures
  A hornet (D:7)
  Prince Ribbit (D:6)
  Edmund (D:5)
  A water moccasin (D:5)
  6 orc warriors (Bailey)
  A centaur (D:5)
  3 bullfrogs
  3 scorpions
  A gnoll sergeant (D:8)
  2 water moccasin zombies (D:4)
  12 wights
  2 hounds
  A gnoll shaman (D:6)
  2 orc priests
  A jelly (D:4)
  An iguana (D:2)
  5 orc wizards
  16 gnolls
  8 adders
  7 river rats
  A shadow imp (D:6)
  A white imp (D:6)
  3 adder zombies (D:4)
  7 worms
  3 dart slugs
  20 orcs
  3 bats
  8 endoplasms
  11 goblins
  5 hobgoblins
  3 quokkas
  8 ball pythons
  21 frilled lizards
  4 kobolds
  20 rats
193 creatures vanquished.

Vanquished Creatures (others)
  3 plants (D:1)
3 creatures vanquished.

Grand Total: 196 creatures vanquished

Notes
Turn   | Place    | Note
-------+----------+-------------------------------------------
     0 | D:1      | DunceCap the Troll Fighter began the quest for the Orb.
     0 | D:1      | Reached XP level 1. HP: 22/22 MP: 0/0
   150 | D:1      | Reached XP level 2. HP: 27/29 MP: 1/1
   455 | D:1      | Reached XP level 3. HP: 36/36 MP: 2/2
   468 | D:1      | Found a faded altar of an unknown god.
   588 | D:1      | Found Caqet's Magic Scroll Emporium.
   593 | D:1      | Bought a scroll of identify for 24 gold pieces
   997 | D:2      | Reached skill level 3 in Unarmed Combat
   997 | D:2      | Reached XP level 4. HP: 45/45 MP: 3/3
  1737 | D:3      | Found a hazy altar of Hepliaklqana.
  1750 | D:3      | Reached XP level 5. HP: 53/53 MP: 4/4
  2369 | D:4      | Found a basalt altar of Yredelemnul.
  2386 | D:4      | Reached skill level 4 in Unarmed Combat
  2404 | D:4      | Reached XP level 6. HP: 49/62 MP: 5/5
  2676 | D:4      | Found a broken altar of Ashenzari.
  2900 | D:5      | Entered Level 5 of the Dungeon
  2914 | D:5      | Reached XP level 7. HP: 34/71 MP: 6/6
  3054 | D:5      | Identified the +1 ring mail of the Nexus {+Blink SInv}
  3086 | D:5      | Identified the +0 scale mail of the Assorted Seers {+Blink
                  | rF+}
  3098 | D:5      | Reached skill level 5 in Unarmed Combat
  3218 | D:5      | Found a glowing drain.
  3227 | Sewer    | Entered a sewer
  4076 | D:5      | Noticed Edmund
  4087 | D:5      | Killed Edmund
  4088 | D:5      | Reached skill level 5 in Fighting
  4088 | D:5      | Reached XP level 8. HP: 62/80 MP: 7/7
  4450 | D:6      | Found Gylilamiwk's Magic Scroll Emporium.
  4461 | D:6      | Bought a scroll of identify for 22 gold pieces
  4461 | D:6      | Bought a scroll of identify for 22 gold pieces
  4461 | D:6      | Bought a scroll of identify for 22 gold pieces
  4461 | D:6      | Bought a scroll of identify for 22 gold pieces
  4556 | D:6      | Reached skill level 6 in Unarmed Combat
  4900 | D:6      | Noticed Prince Ribbit
  4908 | D:6      | Killed Prince Ribbit
  4942 | D:6      | Found a staircase to the Ecumenical Temple.
  4995 | Temple   | Entered the Ecumenical Temple
  5384 | Temple   | Became a worshipper of Warmaster Okawaru
  5712 | D:7      | Noticed a hornet
  5720 | D:7      | Killed a hornet
  5781 | D:7      | Reached skill level 7 in Unarmed Combat
  6004 | D:7      | Reached * piety under Okawaru
  6005 | D:7      | Reached XP level 9. HP: 37/85 MP: 8/8
  6442 | D:8      | Reached ** piety under Okawaru
  6459 | D:8      | Found a flagged portal.
  6468 | Bailey   | Entered a bailey
  6510 | Bailey   | Reached skill level 5 in Dodging
  6510 | Bailey   | Reached skill level 5 in Shields
  6522 | Bailey   | Reached skill level 8 in Unarmed Combat
  6627 | Bailey   | Noticed a kobold demonologist
  6630 | Bailey   | Noticed a sun demon
  6633 | Bailey   | Slain by a sun demon

Illustrated notes

Levels and vault maps discovered:
D:1:      lightli_arrival_flooded_house, layout_loops_ring,
          hellmonk_ecumenical_altar_slurped_away, serial_shops, shop,
          minmay_lizard_king
D:2:      layout_basic
D:3:      layout_basic, mainiacjoe_overflow_six_doors_small,
          minmay_misc_feat_five
D:4:      layout_cave_pools, cheibrodos_ashenzari_chains,
          nicolae_yredelemnul_corpse_copse, columned_hall_lemuel,
          dk_noncrumbling_4
D:5:      layout_basic, lightli_sewer_entry_pipes, uniq_edmund
D:6:      layout_loops_ring, minmay_temple_entry_tees, serial_shops,
          shop_fountains, uniq_prince_ribbit1
D:7:      layout_basic, hangedman_abyss_or_decor_jellyfish_corner
D:8:      layout_basic, led_sif_pool, enter_bailey_2
Temple:   dpeg_five_rooms_temple
Bailey:   bailey_axe_of_yendor_kennysheep, bailey

Skill      XL: |  1  2  3  4  5  6  7  8  9 |
---------------+----------------------------+-----
Fighting       | 3 4 5 6 7 |  7.1
Unarmed Combat | 3 4 5 7 8 |  8.1
Shields        | 3 4 5 |  5.1
Dodging        | 3 4 5 |  5.1

Action                   |  1- 3 |  4- 6 |  7- 9 || total
-------------------------+-------+-------+-------++-------
Melee: Unarmed           |    77 |   152 |   297 ||   526
Evoke: Wand              |       |       |     6 ||     6
  Use: Scroll            |       |     5 |    15 ||    20
       Potion            |       |       |     2 ||     2
 Stab: Paralysed         |       |       |     3 ||     3
Armor: Robe              |    20 |    30 |    35 ||    85
Dodge: Dodged            |    24 |    40 |   111 ||   175
Block: Kite shield       |    19 |    47 |    93 ||   159

Table legend: (Time is in decaauts)
 A = Elapsed time spent in this place.
 B = Non-inter-level travel time spent in this place.
 C = Inter-level travel time spent in this place.
 D = Time resting spent in this place.
 E = Time spent auto-exploring this place.
 F = Levels seen in this place.
 G = Mean time per level.
                   A        B        C        D        E       F      G
               +--------+--------+--------+--------+--------+-----+--------+
         Total |   6724 |   6454 |    270 |    148 |   3915 |  11 |  611.3 |
       Dungeon |   5673 |   5584 |     89 |    125 |   3549 |   8 |  709.1 |
        Temple |    441 |    260 |    181 |      0 |    248 |   1 |  441.0 |
         Sewer |    450 |    450 |      0 |      0 |    118 |   1 |  450.0 |
        Bailey |    159 |    159 |      0 |     23 |      0 |   1 |  159.0 |
               +--------+--------+--------+--------+--------+-----+--------+

Top non-repeatable levels by time:
     D:5: 1001 daAuts
     D:1: 871 daAuts
     D:2: 844 daAuts
     D:7: 817 daAuts
     D:6: 764 daAuts
     D:3: 663 daAuts
     D:4: 536 daAuts
   Sewer: 450 daAuts
  Temple: 441 daAuts
     D:8: 175 daAuts
  Bailey: 159 daAuts
